AoeStats
← Joaquito

Arena

503866962Analyzed
2v2 RM · 29d ago on Sep 2, 2026· 44m 1s· 4 players
Game mode
Random Map
Map size
Medium (4 player)
Population
200
Speed
Normal
Resources
Standard
Victory
Conquest
Starting age
Dark Age
Ending age
Imperial Age
RankedLock teamsTeams togetherTeam positionsShared explorationLock speedFull tech treeHidden civsTurbo modeCheats
Victory
Defeat
🇮🇳 Jurchens · India
1025
+16
🇬🇧 Wu · United Kingdom
1016
+16
🇨🇱 Wei · Chile
1082
-19
🇨🇱 Goths · Chile
969
-14
Bside
12:03 Feudal Age
12:42 Horse Collar
12:51 Double-Bit Axe
17:35 Castle Age
16:02 Stone Mining
16:40 Loom
18:35 Bow Saw
20:35 Heavy Plow
21:54 Man-at-Arms
23:40 Wheelbarrow
22:54 Long Swordsman
25:37 Squires
27:47 Gold Mining
28:00 Scale Mail Armor
29:19 Gold Shaft Mining
29:50 Hand Cart
32:23 Imperial Age
29:38 Pikeman
31:24 Forging
31:30 Chain Mail Armor
31:55 Caravan
33:16 Stone Shaft Mining
32:31 Two-Handed Swordsman
33:43 Plate Mail Armor
33:17 Sitting Tiger
34:24 Iron Casting
35:07 Chemistry
34:42 Champion
34:55 Heavy Scorpion
37:24 Conscription
37:36 Arson
39:15 Halberdier
40:56 Blast Furnace
39:42 Treadmill Crane
42:04 Two-Man Saw
findingmontoo7
10:46 Feudal Age
14:43 Castle Age
12:34 Double-Bit Axe
13:02 Horse Collar
16:52 Husbandry
21:29 Forging
22:06 Wheelbarrow
21:30 Loom
22:45 Bow Saw
23:29 Scale Barding Armor
24:12 Bloodlines
24:07 Gold Mining
24:25 Town Watch
26:01 Hand Cart
26:52 Heavy Plow
27:32 Gold Shaft Mining
28:14 Iron Casting
28:06 Chain Barding Armor
32:04 Imperial Age
31:46 Siege Engineers
32:18 Elite Steppe Lancer
34:06 Plate Barding Armor
33:44 Capped Ram
35:50 Blast Furnace
37:29 Siege Ram
39:53 Herbal Medicine
cacadecaca38
1:25 Loom
9:36 Feudal Age
12:47 Loom
17:06 Castle Age
15:32 Stone Mining
17:09 Double-Bit Axe
18:30 Horse Collar
19:54 Scale Mail Armor
26:27 Bow Saw
26:10 Gold Mining
28:42 Wheelbarrow
30:13 Hand Cart
30:46 Anarchy
31:19 Heavy Plow
35:06 Forging
35:12 Chain Mail Armor
36:38 Iron Casting
40:20 Imperial Age
38:30 Squires
39:56 Hand Cart
40:40 Padded Archer Armor
40:21 Elite Huskarl
41:25 Conscription
Joaquito
10:50 Feudal Age
11:26 Double-Bit Axe
11:38 Gold Mining
11:29 Horse Collar
11:41 Loom
14:16 Loom
17:26 Castle Age
16:27 Stone Mining
18:55 Gold Shaft Mining
19:22 Bow Saw
21:56 Wheelbarrow
24:26 Heavy Plow
29:37 Imperial Age
27:26 Scale Mail Armor
28:04 Forging
28:01 Scale Barding Armor
28:11 Tuntian
29:16 Hand Cart
30:12 Iron Casting
30:05 Town Watch
31:01 Conscription
31:21 Hoardings
31:39 Crop Rotation
32:34 Blast Furnace
32:40 Ming Guang Armor
34:07 Elite Tiger Cavalry
35:39 Chain Barding Armor
39:37 Parthian Tactics
Connection lost

Rejoining the realm…

Still unreachable

The connection could not be restored.

Session expired

The server has moved on; the page needs a fresh start.